 Dungeon Crawl Stone Soup version 0.20.0 (webtiles) character file.

357587 Llamajah the Slayer (level 23, 0/200 HPs)
             Began as a Formicid Fighter on June 13, 2017.
             Was the Champion of Okawaru.
             Killed by the air
             ... invoked by a spriggan air mage
              (7 damage)
             ... on level 3 of the Depths on June 14, 2017.
             The game lasted 04:11:01 (44354 turns).

Llamajah the Slayer (Formicid Fighter)             Turns: 44354, Time: 04:11:02

Health: 0/200      AC: 44    Str: 42    XL:     23   Next: 76%
Magic:  30/30      EV: 20    Int: 12    God:    Okawaru [******]
Gold:   1261       SH: 20    Dex: 19    Spells: 22/22 levels left

rFire    + . .     SeeInvis +   a - +7 battleaxe "Giant's Funeral" {holy, Str+6}
rCold    + . .     Gourm    .   J - +5 shield {AC+3}
rNeg     . . .     Faith    .   o - +4 gold dragon scales
rPois    +         Spirit   .   (helmet unavailable)
rElec    .         Reflect  .   H - +1 cloak of Hedge Wizardry {rCorr Str+4}
rCorr    +         Harm     .   c - +2 pair of gloves {Str+3}
MR       ++...                  G - +2 pair of boots {run}
Stlth    ..........             B - amulet of magic regeneration
Regen    0.5/turn               b - +5 ring of strength
MPRegen  0.4/turn               I - ring "Senickuo" {*Drain AC+5 Dex+2 Slay+2}

@: very slow
A: permanent stasis, dig shafts and tunnels, four strong arms, antennae 3, agile
1, clever 1
}: 1/15 runes: serpentine
a: Dig, Shaft Self, Heroism, Finesse, Renounce Religion


You were on level 3 of the Depths.
You worshipped Okawaru.
Okawaru was exalted by your worship.
You were not hungry.

You visited 7 branches of the dungeon, and saw 36 of its levels.
You visited the Abyss 1 time.

You collected 4215 gold pieces.
You spent 2954 gold pieces at shops.

Inventory:

Hand Weapons
 a - the +7 battleaxe "Giant's Funeral" (weapon) {holy, Str+6}
   (Okawaru gifted it to you on level 4 of the Vaults)

   It has been blessed by the Shining One to cause great damage to the undead
   and demons.
   It affects your strength (+6).
 p - the +7 battleaxe of Ywnor {flame, Dex+3 Stlth+}
   (Okawaru gifted it to you on level 2 of the Lair of Beasts)

   It has been specially enchanted to burn those struck by it, causing extra
   injury to most foes and up to half again as much damage against particularly
   susceptible opponents.
   Big, fiery blades are also staple armaments of hydra-hunters.
   It affects your dexterity (+3).
   It makes you more stealthy.
 V - a +0 triple crossbow
 Z - the +9 broad axe of Feats {antimagic, rElec rPois MR- Str+4}
   (Okawaru gifted it to you on level 14 of the Dungeon)

   It reduces the magical energy of the wielder, and disrupts the spells and
   magical abilities of those hit.
   Natural abilities and divine invocations are not affected.
   It affects your strength (+4).
   It insulates you from electricity.
   It protects you from poison.
   It affects your resistance to hostile enchantments.
Armour
 c - a +2 pair of gloves of strength (worn)
 o - +4 gold dragon scales (worn)
 G - a +2 pair of boots of running (worn)
 H - the +1 cloak of Hedge Wizardry (worn) {rCorr Str+4}
   (Okawaru gifted it to you on level 5 of the Lair of Beasts)

   It affects your strength (+4).
   It protects you from acid and corrosion.
 J - a +5 shield of protection (worn)
 S - the +1 plate armour of Xuth {rN++ Slay+2}
   (You bought it in a shop on level 3 of the Depths)

   It affects your accuracy and damage with ranged weapons and melee attacks
   (+2).
   It greatly protects you from negative energy.
 X - the +15 Maxwell's patent armour {-Cast -Tele rElec MR+ rCorr}
   (You found it on level 3 of the Snake Pit)

   It insulates you from electricity.
   It affects your resistance to hostile enchantments.
   It prevents spellcasting.
   It prevents most forms of teleportation.
   It protects you from acid and corrosion.
Jewellery
 b - a +5 ring of strength (left hand)
 q - the ring of the Mage {Wiz MR++ Int+3}
   (You found it on level 2 of the Depths)

   [ring of wizardry]

   It improves your spell success rate.
   It affects your intelligence (+3).
   It affects your resistance to hostile enchantments.
 B - an amulet of magic regeneration (around neck)
 I - the ring "Senickuo" (right hand) {*Drain AC+5 Dex+2 Slay+2}
   (You found it on level 4 of the Snake Pit)

   [ring of protection]

   It affects your AC (+5).
   It affects your dexterity (+2).
   It affects your accuracy and damage with ranged weapons and melee attacks
   (+2).
   It causes draining when unequipped.
 N - an uncursed ring of protection from magic
 P - an uncursed ring of protection from fire
 Q - an uncursed ring of positive energy
 T - an uncursed ring of protection from cold
Wands
 d - a wand of flame (19/48)
 k - a wand of flame (26/48)
 t - a wand of polymorph (11/24)
 y - a wand of confusion (18/48)
 M - a wand of lightning (7/15)
 R - a wand of disintegration (16/24)
 W - a wand of clouds (3/9)
Scrolls
 e - 8 scrolls of remove curse
 g - 3 scrolls of silence
 j - 2 scrolls of identify
 r - 3 scrolls of fear
 s - 9 scrolls of fog
 u - a scroll of summoning
 v - 3 scrolls of recharging
 A - 10 scrolls of enchant weapon
 U - 3 scrolls of magic mapping
 Y - 4 scrolls of holy word
Potions
 l - 8 potions of curing
 m - 4 potions of brilliance
 n - 7 potions of agility
 w - 6 potions of mutation
 x - 2 potions of cancellation
 z - a potion of resistance
 D - a potion of ambrosia
 E - 7 potions of flight
 F - 7 potions of magic
 O - 3 potions of might
Miscellaneous
 L - a lightning rod (3/4)
Comestibles
 f - 27 bread rations
 h - 16 meat rations
 i - 12 royal jellies
 C - 15 fruits
 K - 6 chunks of flesh


   Skills:
 * Level 21.0 Fighting
 + Level 20.1 Axes
   Level 2.0(13.8) Maces & Flails
 + Level 18.1 Armour
 * Level 16.6 Dodging
 - Level 10.0 Shields
 - Level 9.3 Invocations
 - Level 4.3 Evocations


You had 22 spell levels left.
You didn't know any spells.

Dungeon Overview and Level Annotations

Branches:
Dungeon (15/15)            Temple (1/1) D:7            Lair (6/6) D:10
 Shoals (0/4) Lair:4        Snake (4/4) Lair:4        Slime (0/5) Lair:5
    Orc (2/2) D:12            Elf (0/3) Orc:2        Vaults (5/5) D:13
  Crypt (0/3) Vaults:2     Depths (3/5) D:15

Altars:
Ashenzari
Dithmenos
Elyvilon
Fedhas
Kikubaaqudgha
Makhleb
Okawaru
Qazlal
Ru
Sif Muna
Trog
Uskayaw
Xom
Zin
Beogh

Shops:
D:9 [   D:10 }   Orc:2 [=![(   Snake:2 ?   Snake:4 :   Vaults:1 [   Depths:1 *
Depths:3 *%(%%

Portals:
Hell: Depths:1 Depths:2
Pandemonium: Depths:3
Ziggurat: Depths:1


Innate Abilities, Weirdness & Mutations

You cannot be hasted, slowed, berserked, paralysed or teleported.
You can dig through walls and to a lower floor.
Your four strong arms can wield two-handed weapons with a shield.
You have a pair of large antennae on your head. (SInv)
You are agile. (Dex +2)
Your mind is acute. (Int +2)


Message History

The spriggan air mage casts a spell at you.
The bolt of lightning hits you!
* * * LOW HITPOINT WARNING * * *
The spriggan air mage is empowered by something's aura!
The spriggan air mage casts a spell at you.
The bolt of lightning hits you!
* * * LOW HITPOINT WARNING * * *
As you read the scroll of fog, it crumbles to dust.
The scroll dissolves into smoke.
The spriggan air mage waves its arms in wide circles.
The air twists around and strikes you!
* * * LOW HITPOINT WARNING * * *
Okay, then.
You enter the shallow water.
Moving in this stuff is going to be slow.
As you read the scroll of fear, it crumbles to dust.
You assume a fearsome visage.
Nothing appears to happen.
The spriggan air mage waves its arms in wide circles.
The air twists around and strikes you!
You die...

.≈≈.......## ..≈≈≈≈.....#
≈...≈..#...# ≈≈≈...##..<##
......##.≈..## .........≈.((#####
.#..#...≈≈≈†).#..####
....#...≈≈≈......§#.#
..#.∩..≈≈≈≈.≈≈≈≈@§§.###
..#..#..≈≈..≈≈≈≈§§§...####
....###....≈≈≈≈≈§§§§.....#
...###..≈≈.....§≈≈§§.≈...#
(...#..≈≈≈.≈...i.....≈≈≈.########
.()##..≈≈≈.≈.........≈≈........?.
#)####.....≈..........≈......####
))(###...........i....≈.######
...(..................≈##.......#


You could see a spriggan air mage.

Vanquished Creatures
  Sojobo (Depths:2)
  Vashnia (Snake:3)
  A golden dragon (Depths:2)
  The ghost of ultrashaft the Impaler, an adept CeHu of Okawaru (Depths:1)
  the Enchantress (Depths:2)
  Asterion (Vaults:3)
  A lich (Depths:2)
  A titan (Depths:2)
  A quicksilver dragon (Depths:2)
  A sphinx (Vaults:2)
  11 nagarajas
  5 tengu reavers
  9 frost giants
  8 fire giants
  2 orc warlords (Orc:2)
  Aizul (Depths:2)
  11 vault wardens
  A caustic shrike zombie (Depths:1)
  A deep elf sorcerer (Vaults:1)
  An angel (Abyss:3)
  11 very ugly things
  A ghoul (Vaults:3)
  15 ironheart preservers
  3 spriggan defenders (Depths:2)
  8 stone giants
  2 vampire knights
  Nessos (Orc:2)
  An ophan (Abyss:3)
  A spark wasp (Depths:3)
  7 ettins
  The ghost of Llamajah the Fighter, a journeyman FoFi of Okawaru (D:11)
  3 deep elf death magi
  A fire dragon (shapeshifter) (Depths:1)
  4 jiangshi
  19 vault guards
  5 great orbs of eyes
  18 ogre magi
  6 yaktaur captains
  5 ice dragons
  5 fire dragons
  22 naga warriors
  2 spriggan air magi
  5 rakshasas
  6 hydras
  A catoblepas (Lair:5)
  4 anacondas
  4 death knights
  8 centaur warriors
  8 deep troll shamans
  A two-headed ogre (shapeshifter) (Depths:2)
  48 two-headed ogres
  A spriggan berserker (Depths:2)
  5 deep troll earth magi
  2 hell hogs (Depths:1)
  4 tengu warriors
  2 vampire magi
  2 orc high priests
  6 deep elf knights
  14 naga sharpshooters
  3 shock serpents
  9 skeletal warriors
  2 iron trolls (Depths:2)
  3 salamander mystics
  A glowing orange brain (Depths:2)
  A shadow wraith (Vaults:4)
  2 flayed ghosts
  22 deep trolls
  An unseen horror (Vaults:1)
  An obsidian statue (D:13)
  10 naga ritualists
  5 deep elf archers
  10 orc knights
  4 wizards
  15 deep elf magi
  11 ironbrand convokers
  A lindwurm (shapeshifter) (D:13)
  A sphinx zombie (Vaults:1)
  5 necromancers
  A phantasmal warrior (Vaults:3)
  A wolf spider (Vaults:2)
  A mana viper (shapeshifter) (Vaults:2)
  5 orc sorcerers
  9 mana vipers
  A faun (Lair:4)
  A salamander (shapeshifter) (Vaults:1)
  19 ugly things
  An oklob plant (Lair:2)
  14 salamanders
  2 frost giant skeletons
  3 manticores
  10 cyclopes
  A merfolk siren (Lair:4)
  Maurice (D:13)
  4 guardian serpents
  A tengu skeleton (Vaults:4)
  32 naga magi
  38 black mambas
  19 elephants
  13 vault sentinels
  25 spiny frogs
  A spiny frog (shapeshifter) (Vaults:3)
  6 centaur skeletons
  2 gargoyles (D:13)
  28 yaktaurs
  4 rime drakes
  A kobold demonologist (D:15)
  An efreet (D:13)
  5 human zombies
  9 komodo dragons
  7 freezing wraiths
  A yaktaur (shapeshifter) (Vaults:3)
  A harpy zombie (D:14)
  A tengu conjurer (Depths:1)
  A jumping spider (shapeshifter) (Depths:2)
  8 trolls
  A wind drake (shapeshifter) (D:13)
  A polar bear (Lair:4)
  A tengu simulacrum (Vaults:1)
  4 tyrant leeches (Lair:6)
  4 hornets
  13 slime creatures
  A dream sheep (shapeshifter) (Vaults:4)
  15 blink frogs
  17 hippogriffs
  An ettin zombie (Depths:1)
  A fire giant simulacrum (Vaults:4)
  A centaur simulacrum (D:15)
  A vampire (D:11)
  3 wraiths
  2 spriggans
  9 water elementals
  A redback (shapeshifter) (Depths:1)
  3 air elementals (Depths:3)
  7 basilisks
  A tarantella (shapeshifter) (Depths:3)
  6 wyverns
  A shadow (D:15)
  A hog (shapeshifter) (Vaults:4)
  2 hungry ghosts
  16 yaks
  10 vampire mosquitoes
  A basilisk (shapeshifter) (Vaults:3)
  A neqoxec (Abyss:3)
  A human (shapeshifter) (Vaults:2)
  3 wargs
  7 swamp worms (Lair:6)
  51 nagas
  2 acid dragons
  7 hell hounds (Depths:1)
  9 water moccasins
  Duvessa (D:6)
  6 porcupines
  4 ice beasts
  61 orc warriors
  3 sky beasts
  2 black bears
  2 necrophages
  31 wolves (Lair:4)
  51 ogres
  4 phantoms
  A tengu (shapeshifter) (Vaults:2)
  18 boggarts
  11 centaurs
  2 eyes of draining
  17 crocodiles
  6 big kobolds
  36 bullfrogs
  A gnoll sergeant (D:8)
  Dowan (D:6)
  3 wyvern skeletons
  4 scorpions
  3 human simulacra
  12 killer bees
  6 howler monkeys
  A wight (D:11)
  3 electric eels
  6 centaur zombies
  9 crimson imps
  3 quasits
  24 orc priests
  3 bullfrog skeletons
  5 jellies
  5 hounds
  30 orc wizards
  Crazy Yiuf (D:7)
  4 iguanas
  Terence (D:2)
  13 worker ants
  A shapeshifter simulacrum (Depths:1)
  A hound zombie (D:6)
  A howler monkey zombie (D:3)
  11 gnolls
  11 adders
  2 oozes (D:3)
  2 adder skeletons
  11 worms
  2 dart slugs
  8 leopard geckos
  120 orcs
  5 bats
  6 giant cockroaches
  10 goblins
  5 hobgoblins
  14 jackals
  19 kobolds
  4 quokkas
  4 frilled lizards
  A jackal zombie (D:5)
  A leopard gecko skeleton (D:5)
  A quokka skeleton (D:9)
  3 rats (D:2)
  A bush (Lair:2)
  2 fungi
  5 plants
1557 creatures vanquished.

Vanquished Creatures (others)
  A fire giant (Depths:2)
  An unseen horror (Vaults:1)
  An ironbrand convoker (Vaults:2)
  A naga ritualist (Snake:4)
  A necromancer (Vaults:1)
  5 dream sheep (D:15)
  An orc warrior (Orc:2)
  An ogre (Depths:3)
  A boggart (Vaults:2)
  An ooze (D:2)
  10 fungi
  24 plants
48 creatures vanquished.

Grand Total: 1605 creatures vanquished

Notes
Turn   | Place    | Note
-------+----------+-------------------------------------------
     0 | D:1      | Llamajah the Formicid Fighter began the quest for the Orb.
     0 | D:1      | Reached XP level 1. HP: 18/18 MP: 1/1
   142 | D:1      | Reached XP level 2. HP: 22/24 MP: 2/2
   615 | D:2      | Reached XP level 3. HP: 23/29 MP: 3/3
   870 | D:2      | Noticed Terence
   882 | D:2      | Reached skill level 1 in Dodging
   882 | D:2      | Reached XP level 4. HP: 32/36 MP: 4/4
   889 | D:2      | Killed Terence
   946 | D:2      | Found a stormy altar of Qazlal.
  1448 | D:3      | Reached XP level 5. HP: 38/42 MP: 5/5
  1641 | D:3      | Reached skill level 4 in Fighting
  2032 | D:3      | Reached XP level 6. HP: 46/48 MP: 6/6
  2248 | D:4      | Noticed an ice beast
  2273 | D:4      | Killed an ice beast
  2273 | D:4      | Reached skill level 5 in Shields
  2809 | D:4      | Reached XP level 7. HP: 53/55 MP: 7/7
  2963 | D:5      | Entered Level 5 of the Dungeon
  3520 | D:5      | Reached skill level 5 in Axes
  3520 | D:5      | Reached XP level 8. HP: 61/61 MP: 8/8
  3617 | D:5      | Reached skill level 5 in Armour
  4031 | D:6      | Reached skill level 5 in Fighting
  4241 | D:6      | Noticed Duvessa
  4241 | D:6      | Noticed Dowan
  4279 | D:6      | Killed Duvessa
  4282 | D:6      | Killed Dowan
  4785 | D:7      | Reached XP level 9. HP: 63/68 MP: 9/9
  4813 | D:7      | Noticed a hippogriff
  4821 | D:7      | Killed a hippogriff
  4947 | D:7      | Reached skill level 6 in Fighting
  4979 | D:7      | Found a staircase to the Ecumenical Temple.
  4997 | Temple   | Entered the Ecumenical Temple
  5006 | Temple   | Became a worshipper of Warmaster Okawaru
  5190 | D:7      | Found a runed door.
  5194 | D:7      | Noticed Crazy Yiuf
  5202 | D:7      | Killed Crazy Yiuf
  5376 | D:7      | Noticed a hippogriff
  5386 | D:7      | Killed a hippogriff
  5546 | D:8      | Noticed a hornet
  5567 | D:8      | Gained mutation: You have sharp toenails. [potion of mutation]
  5567 | D:8      | Gained mutation: Your mind is acute. (Int +2) [potion of mutation]
  5569 | D:8      | Killed a hornet
  5569 | D:8      | Reached XP level 10. HP: 21/77 MP: 10/10
  5964 | D:8      | Reached * piety under Okawaru
  6031 | D:8      | Reached skill level 5 in Dodging
  6162 | D:8      | Reached skill level 7 in Fighting
  6464 | D:9      | Noticed a two-headed ogre
  6479 | D:9      | Killed a two-headed ogre
  6479 | D:9      | Reached ** piety under Okawaru
  7126 | D:9      | Reached *** piety under Okawaru
  7382 | D:9      | Got a slimy plate armour
  7422 | D:9      | Reached XP level 11. HP: 79/84 MP: 11/11
  7587 | D:9      | Found Juipti's Antique Armour Emporium.
  7595 | D:9      | Bought a pair of glowing boots for 225 gold pieces
  7613 | D:9      | Identified the +8 plate armour "Ykhle" {rElec rPois MR- Dex-4} (You found it on level 9 of the Dungeon)
  7833 | D:10     | Entered Level 10 of the Dungeon
  8053 | D:10     | Found a staircase to the Lair.
  8473 | D:10     | Reached skill level 10 in Axes
  8506 | D:10     | Reached skill level 8 in Fighting
  8583 | D:10     | Found Onyu's Gadget Shop.
  8739 | D:11     | Noticed a cyclops
  8745 | D:11     | Killed a cyclops
  8745 | D:11     | Reached **** piety under Okawaru
  8955 | D:11     | Noticed Llamajah's ghost (journeyman FoFi)
  8981 | D:11     | Killed Llamajah's ghost
  9239 | D:11     | Found a shimmering altar of Xom.
  9271 | D:11     | Noticed a death knight
  9495 | Lair:1   | Entered Level 1 of the Lair of Beasts
  9627 | Lair:1   | Reached ***** piety under Okawaru
  9717 | Lair:1   | Got a bone morningstar
  9718 | Lair:1   | Identified the cursed +3 morningstar of Pyromania {crush, *Slow Dex+8} (You found it on level 1 of the Lair of Beasts)
 10015 | Lair:1   | Received a gift from Okawaru
 10015 | Lair:1   | Reached skill level 1 in Maces & Flails
 10021 | Lair:1   | Reached XP level 12. HP: 66/94 MP: 12/12
 10414 | Lair:2   | Got a steaming chain mail
 10526 | Lair:2   | Identified the cursed +1 chain mail "Bunnuperr" {-Tele MR+ Regen+ SInv} (You found it on level 2 of the Lair of Beasts)
 10976 | Lair:2   | Received a gift from Okawaru
 10982 | Lair:2   | Got a polished battleaxe {god gift}
 10983 | Lair:2   | Identified the +7 battleaxe of Ywnor {flame, Dex+3 Stlth+} (Okawaru gifted it to you on level 2 of the Lair of Beasts)
 11194 | Lair:2   | Reached skill level 9 in Fighting
 11232 | Lair:2   | Reached skill level 1 in Invocations
 11562 | Lair:3   | Identified a scroll of acquirement
 11659 | Lair:3   | Reached skill level 1 in Evocations
 11680 | Lair:3   | Noticed an eight-headed hydra
 11687 | Lair:3   | Killed a five-headed hydra
 11687 | Lair:3   | Reached skill level 10 in Shields
 12382 | Lair:4   | Found a staircase to the Snake Pit.
 12455 | Lair:4   | Found a staircase to the Shoals.
 12640 | Lair:4   | Reached XP level 13. HP: 58/101 MP: 15/15
 12642 | Lair:4   | Reached skill level 10 in Armour
 12644 | Lair:4   | Reached ****** piety under Okawaru
 13444 | Lair:5   | Received a gift from Okawaru
 13491 | Lair:5   | Reached skill level 10 in Fighting
 13557 | Lair:5   | Reached skill level 5 in Invocations
 13611 | Lair:5   | Got a heavily runed brass ring
 13613 | Lair:5   | Identified the ring "Nehinut" {*Drain +Blink rPois Dex+4 SInv} (You found it on level 5 of the Lair of Beasts)
 13672 | Lair:5   | Noticed a catoblepas
 13696 | Lair:5   | Killed a catoblepas
 13718 | Lair:5   | Found a blossoming altar of Fedhas.
 13761 | Lair:5   | Noticed an eight-headed hydra
 13767 | Lair:5   | Received a gift from Okawaru
 13773 | Lair:5   | Killed a two-headed hydra
 13774 | Lair:5   | Got a faintly humming cloak {god gift}
 13785 | Lair:5   | Identified the +1 cloak of Hedge Wizardry {rCorr Str+4} (Okawaru gifted it to you on level 5 of the Lair of Beasts)
 14306 | Lair:5   | Found a staircase to the Slime Pits.
 14477 | Lair:6   | Entered Level 6 of the Lair of Beasts
 14530 | Lair:6   | Reached XP level 14. HP: 87/111 MP: 18/18
 14936 | Lair:6   | Received a gift from Okawaru
 14937 | Lair:6   | Got a steaming scarf {god gift}
 15054 | Lair:6   | Reached skill level 11 in Fighting
 15150 | Lair:6   | Identified the scarf "Ojean" {+Inv} (Okawaru gifted it to you on level 6 of the Lair of Beasts)
 16682 | D:11     | Reached XP level 15. HP: 105/119 MP: 21/21
 17139 | D:12     | Found a roughly hewn altar of Beogh.
 17730 | D:12     | Found a staircase to the Orcish Mines.
 18182 | D:13     | Noticed Maurice
 18194 | D:13     | Killed Maurice
 18415 | D:13     | Received a gift from Okawaru
 18476 | D:13     | Found a gate to the Vaults.
 18775 | D:13     | Got a shimmering plate armour
 18814 | D:13     | Identified the cursed +0 plate armour "Moabbucvo" {rF+ Int+2} (You found it on level 13 of the Dungeon)
 18998 | D:13     | Reached skill level 15 in Axes
 19397 | D:14     | Reached skill level 10 in Dodging
 19724 | D:14     | Received a gift from Okawaru
 19724 | D:14     | Reached skill level 12 in Fighting
 19727 | D:14     | Got a faintly glowing broad axe {god gift}
 19728 | D:14     | Identified the +9 broad axe of Feats {antimagic, rElec rPois MR- Str+4} (Okawaru gifted it to you on level 14 of the Dungeon)
 20061 | D:15     | Entered Level 15 of the Dungeon
 20190 | D:15     | Reached XP level 16. HP: 127/127 MP: 7/23
 20580 | D:15     | Found a shimmering altar of Xom.
 20769 | D:15     | Found a staircase to the Depths.
 21032 | Orc:1    | Entered Level 1 of the Orcish Mines
 21783 | Orc:2    | Entered Level 2 of the Orcish Mines
 22055 | Orc:2    | Found a roughly hewn altar of Beogh.
 22088 | Orc:2    | Found a roughly hewn altar of Beogh.
 22095 | Orc:2    | Received a gift from Okawaru
 22126 | Orc:2    | Noticed Nessos
 22136 | Orc:2    | Killed Nessos
 22194 | Orc:2    | Found Cibrulue's Distillery.
 22218 | Orc:2    | Found a staircase to the Elven Halls.
 22275 | Orc:2    | Found a roughly hewn altar of Beogh.
 22385 | Orc:2    | Received a gift from Okawaru
 22396 | Orc:2    | Got a twisted broad axe {god gift}
 22539 | Orc:2    | Identified the +5 broad axe "Naiducs" {chaos, *Noise rPois Int+3 Dex+7} (Okawaru gifted it to you on level 2 of the Orcish Mines)
 22554 | Orc:2    | Found a roughly hewn altar of Beogh.
 22572 | Orc:2    | Found Quirph Qikh's Antique Armour Shop.
 22721 | Orc:2    | Found Nux Kea's Antique Armour Emporium.
 22722 | Orc:2    | Found a roughly hewn altar of Beogh.
 22752 | Orc:2    | Found Omumeg's Antique Weapon Shoppe.
 22851 | Orc:2    | Found a roughly hewn altar of Beogh.
 22866 | Orc:2    | Found a roughly hewn altar of Beogh.
 22969 | Orc:2    | Found a roughly hewn altar of Beogh.
 22989 | Orc:2    | Found Qeyfer's Jewellery Boutique.
 23041 | Orc:2    | Bought a pair of embroidered boots for 247 gold pieces
 23041 | Orc:2    | Bought a pair of glowing boots for 247 gold pieces
 23103 | Orc:2    | Bought a pair of glowing boots for 285 gold pieces
 23165 | Orc:2    | Bought a shiny plate armour for 858 gold pieces
 23453 | Snake:1  | Entered Level 1 of the Snake Pit
 23714 | Snake:1  | Received a gift from Okawaru
 24743 | Snake:2  | Found Voetavvixt's Magic Scroll Emporium.
 24880 | Snake:2  | Bought a scroll of identify for 28 gold pieces
 24880 | Snake:2  | Bought a scroll of enchant armour for 105 gold pieces
 24880 | Snake:2  | Bought a scroll of enchant armour for 105 gold pieces
 24880 | Snake:2  | Bought a scroll of identify for 28 gold pieces
 24880 | Snake:2  | Bought 2 scrolls of identify for 56 gold pieces
 24880 | Snake:2  | Bought a scroll of identify for 28 gold pieces
 24913 | Snake:2  | Reached skill level 13 in Fighting
 25146 | Snake:2  | Noticed a nagaraja
 25177 | Snake:2  | Killed a nagaraja
 25177 | Snake:2  | Reached XP level 17. HP: 94/136 MP: 6/24
 26454 | Snake:3  | Received a gift from Okawaru
 26673 | Snake:3  | Got a transparent gossamer ring
 26675 | Snake:3  | Identified the ring "Disoisch" {+Blink +Fly} (You acquired it on level 3 of the Snake Pit)
 26776 | Snake:3  | Noticed Vashnia
 26816 | Snake:3  | Killed Vashnia
 27152 | Snake:4  | Entered Level 4 of the Snake Pit
 27352 | Snake:4  | Received a gift from Okawaru
 27352 | Snake:4  | Reached skill level 14 in Fighting
 27766 | Orc:2    | Bought a potion of heal wounds for 70 gold pieces
 28124 | Snake:4  | Reached XP level 18. HP: 143/146 MP: 8/25
 28483 | Snake:4  | Found Iqyurr's Book Shoppe.
 29422 | Snake:4  | Received a gift from Okawaru
 29423 | Snake:4  | Got a bloodstained scarf {god gift}
 29670 | Snake:3  | Identified the scarf "Aqavent" {rPois Dex+3} (Okawaru gifted it to you on level 4 of the Snake Pit)
 29797 | Snake:4  | Reached skill level 15 in Fighting
 30285 | Snake:4  | Got a serpentine rune of Zot
 30390 | Snake:4  | Reached skill level 15 in Armour
 30432 | Snake:4  | Cast into level 3 of the Abyss (the power of Zot)
 30481 | Abyss:3  | Gained mutation: Scrolls take you a little longer to read. [a neqoxec]
 30482 | Abyss:3  | Gained mutation: Scrolls take you longer to read. [a neqoxec]
 30570 | Snake:4  | Escaped the Abyss
 30585 | Snake:4  | Lost mutation: Your mind is acute. (Int +2) [the power of Zot]
 30598 | Snake:4  | Reached XP level 19. HP: 73/157 MP: 0/26
 30874 | Snake:4  | Got a steaming silver ring
 30879 | Snake:4  | Got a clouded copper ring
 30891 | Snake:4  | Got an ancient marble ring
 30906 | Snake:4  | Identified the ring "Icafu" {rPois rC- Str+4 Slay+3} (You found it on level 4 of the Snake Pit)
 30908 | Snake:4  | Identified the ring "Unajofupel" {Ice -Tele rElec rN+} (You found it on level 4 of the Snake Pit)
 30910 | Snake:4  | Identified the ring "Senickuo" {*Drain AC+5 Dex+2 Slay+2} (You found it on level 4 of the Snake Pit)
 31278 | Vaults:1 | Entered Level 1 of the Vaults
 31812 | Vaults:1 | Received a gift from Okawaru
 31820 | Vaults:1 | Reached skill level 16 in Fighting
 32199 | Vaults:1 | Found Bonwizxe's Antique Armour Shoppe.
 33244 | Vaults:2 | Reached skill level 17 in Fighting
 33337 | Vaults:2 | Reached XP level 20. HP: 126/168 MP: 9/27
 33580 | Vaults:2 | Received a gift from Okawaru
 34443 | Lair:1   | Lost mutation: Scrolls take you longer to read. [potion of mutation]
 34443 | Lair:1   | Lost mutation: Scrolls take you a little longer to read. [potion of mutation]
 34443 | Lair:1   | Lost mutation: You have sharp toenails. [potion of mutation]
 34443 | Lair:1   | Gained mutation: You are agile. (Dex +2) [potion of mutation]
 34443 | Lair:1   | Gained mutation: Your mind is acute. (Int +2) [potion of mutation]
 34749 | Vaults:2 | Found a staircase to the Crypt.
 35157 | Vaults:2 | Reached skill level 18 in Fighting
 35337 | Vaults:2 | Received a gift from Okawaru
 35338 | Vaults:2 | Got a scorched large shield {god gift}
 35369 | Vaults:2 | Identified the +1 large shield of Wasted Space {+Blink rN+ Int+2} (Okawaru gifted it to you on level 2 of the Vaults)
 35845 | Vaults:3 | Noticed Asterion
 35864 | Vaults:3 | Killed Asterion
 36327 | Vaults:3 | Reached XP level 21. HP: 178/178 MP: 9/28
 36530 | Vaults:3 | Received a gift from Okawaru
 37809 | Vaults:4 | Received a gift from Okawaru
 37817 | Vaults:4 | Got a dazzling broad axe {god gift}
 37830 | Vaults:4 | Reached skill level 19 in Fighting
 38181 | Lair:1   | Identified the +0 broad axe "Covuun" {flame, rElec rPois rC- Int+4} (Okawaru gifted it to you on level 4 of the Vaults)
 38969 | Vaults:4 | Received a gift from Okawaru
 38973 | Vaults:4 | Got a twisted battleaxe {god gift}
 38974 | Vaults:4 | Identified the +7 battleaxe "Giant's Funeral" {holy, Str+6} (Okawaru gifted it to you on level 4 of the Vaults)
 39329 | Vaults:5 | Entered Level 5 of the Vaults
 39607 | Depths:1 | Entered Level 1 of the Depths
 39632 | Depths:1 | Reached XP level 22. HP: 176/188 MP: 29/29
 39828 | Depths:1 | Reached skill level 15 in Dodging
 39828 | Depths:1 | Received a gift from Okawaru
 39832 | Depths:1 | Got a smoking war axe {god gift}
 39914 | Depths:1 | Identified the +10 war axe of Rufexir {flame, +Rage rElec rC-} (Okawaru gifted it to you on level 1 of the Depths)
 39956 | Depths:1 | Found a gateway to a ziggurat.
 40128 | Depths:1 | Noticed ultrashaft's ghost (adept CeHu)
 40156 | Depths:1 | Killed ultrashaft's ghost
 40513 | Depths:1 | Found a gateway to Hell.
 40592 | Depths:1 | Found Huig's Elemental Accessories.
 40895 | Depths:2 | Noticed Sojobo
 41003 | Depths:2 | Killed Sojobo
 41003 | Depths:2 | Received a gift from Okawaru
 41003 | Depths:2 | Reached skill level 20 in Fighting
 41036 | Depths:2 | Identified a +1 pair of boots of running (Okawaru gifted it to you on level 2 of the Depths)
 41357 | Depths:2 | Noticed Aizul
 41375 | Depths:2 | Killed Aizul
 41438 | Depths:2 | Noticed the Enchantress
 41452 | Depths:2 | Killed the Enchantress
 41454 | Depths:2 | Got faerie dragon scales
 41678 | Lair:1   | Identified the +1 faerie dragon scales {rC++ rCorr Str-3} (You took it off the Enchantress on level 2 of the Depths)
 42033 | Depths:2 | Noticed a golden dragon
 42043 | Depths:2 | Killed a golden dragon
 42334 | Depths:2 | Reached XP level 23. HP: 180/198 MP: 30/30
 42774 | Depths:2 | Found a runed door.
 42879 | Depths:2 | Received a gift from Okawaru
 43278 | Depths:2 | Received a gift from Okawaru
 43491 | Depths:3 | Found Zouh's Food Boutique.
 43629 | Depths:3 | Found Nohaehe's Antique Weapon Boutique.
 43630 | Depths:3 | Found a one-way gate leading to the halls of Pandemonium.
 43656 | Depths:3 | Found Budef's Food Emporium.
 43750 | Depths:3 | Found Eroemeeq's Food Shop.
 43891 | Depths:3 | Received a gift from Okawaru
 43935 | Depths:3 | Reached skill level 21 in Fighting
 44108 | Depths:3 | Found Aphoshrakku's Assorted Antiques.
 44117 | Depths:3 | Bought a pitted plate armour for 672 gold pieces
 44127 | Depths:3 | Identified the cursed +1 plate armour of Xuth {rN++ Slay+2} (You bought it in a shop on level 3 of the Depths)
 44352 | Depths:3 | HP: 6/200 [spriggan air mage/the air (10)]
 44354 | Depths:3 | Killed from afar by a spriggan air mage

Skill      XL: |  1  2  3  4  5  6  7  8  9 10 11 12 13 14 15 16 17 18 19 20 21 22 23 |
---------------+----------------------------------------------------------------------+-----
Shields        | 4 5 6 7 8 9 10 | 10.0
Dodging        | 1 2 3 4 5 6 7 8 9 10 11 12 13 14 15 16 | 16.6
Axes           | 3 4 5 6 8 9 10 11 13 14 15 16 17 18 19 20 | 20.1
Fighting       | 4 5 6 7 8 9 10 11 12 13 14 15 17 18 19 20 21 | 21.0
Armour         | 4 5 6 7 8 9 10 11 12 13 14 15 16 17 18 | 18.1
Maces & Flails | 1 2 |  2.0
Invocations    | 3 6 8 9 |  9.3
Evocations     | 2 4 |  4.3

Action                   |  1- 3 |  4- 6 |  7- 9 | 10-12 | 13-15 | 16-18 | 19-21 | 22-24 || total
-------------------------+-------+-------+-------+-------+-------+-------+-------+-------++-------
Melee: War axe           |    70 |   184 |   265 |   443 |       |       |       |       ||   962
       Kick              |       |       |       |    91 |       |       |       |       ||    91
       Morningstar       |       |       |       |    99 |       |       |       |       ||    99
       Battleaxe         |       |       |       |   105 |   795 |     2 |   218 |   602 ||  1722
       Broad axe         |       |       |       |       |    65 |  1121 |   881 |       ||  2067
Invok: Heroism           |       |       |       |     3 |     4 |     6 |     1 |     3 ||    17
       Finesse           |       |       |       |       |       |     2 |     1 |       ||     3
 Abil: Dig               |       |       |       |     1 |     4 |     6 |     1 |       ||    12
Evoke: Wand              |       |       |       |     5 |     2 |     1 |       |     1 ||     9
       Lightning rod     |       |       |       |       |       |       |       |     1 ||     1
  Use: Scroll            |     1 |       |     1 |    22 |     9 |     8 |     9 |     8 ||    58
       Potion            |       |       |     2 |     1 |     3 |    11 |     2 |     1 ||    20
 Stab: Distracted        |       |       |       |     1 |     1 |       |       |       ||     2
  Eat: Chunk             |       |     6 |    10 |    18 |    24 |    17 |    22 |    14 ||   111
       Fruit             |       |       |       |     6 |     4 |    20 |     7 |     2 ||    39
       Royal jelly       |       |       |       |       |       |       |     1 |       ||     1
Armor: Scale mail        |    23 |     2 |       |       |       |       |       |       ||    25
       Chain mail        |       |    80 |   122 |    96 |       |       |       |       ||   298
       Plate armour      |       |       |       |   194 |   331 |   325 |   211 |    91 ||  1152
       Gold dragon scale |       |       |       |       |       |       |       |    80 ||    80
Dodge: Dodged            |    33 |    47 |    86 |   289 |   323 |   390 |   255 |   240 ||  1663
Block: Shield            |    34 |   108 |   178 |   469 |   499 |   766 |   607 |   425 ||  3086
